 Dungeon Crawl Stone Soup version 0.30-a0-424-g7412bad402 (webtiles) character file.

Game seed: 11590288048158626746

2 McMuffin the Grasshopper (level 1, 0/10 HPs)
             Began as a Spriggan Warper on Dec 9, 2022.
             Frozen to death by an endoplasm (3 damage)
             ... on level 1 of the Dungeon.
             The game lasted 00:02:33 (285 turns).

McMuffin the Grasshopper (Spriggan Warper)           Turns: 285, Time: 00:02:35

Health: 0/10       AC:  2    Str:  7    XL:     1   Next: 25%
Magic:  5/5        EV: 17    Int: 14    God:
Gold:   17         SH:  0    Dex: 14    Spells: 5/5 levels left

rFire   . . .      SeeInvis +    e - +0 dagger
rCold   . . .      Faith    .    (no shield)
rNeg    . . .      Spirit   .    b - +0 robe
rPois   .          Reflect  .    (helmet restricted)
rElec   .          Harm     .    (no cloak)
rCorr   .          Rampage  .    (gloves unavailable)
Will    .....                    (boots unavailable)
Stlth   +.........               (no amulet)
HPRegen 0.21/turn                (no ring)
MPRegen 0.09/turn                (no ring)

@: very quick
A: very small, no large weapons, unfitting armour, see invisible, speed 3
a: no special abilities


You were on level 1 of the Dungeon.
You visited 1 branch of the dungeon, and saw 1 of its levels.

You collected 17 gold pieces.

Inventory:

Hand Weapons
 a - a +0 short sword
 e - a +0 dagger (weapon)
Missiles
 d - 7 boomerangs of dispersal (quivered)
Armour
 b - a +0 robe (worn)
Scrolls
 c - a scroll of blinking


   Skills:
 + Level 1.5 Fighting
 + Level 2.1 Short Blades
 + Level 1.0 Throwing
 + Level 3.2 Dodging
 + Level 2.6 Spellcasting
 + Level 4.6 Translocations


You had 5 spell levels left.
You didn't know any spells.
Your spell library contained the following spells:

 Spells                   Type           Power      Damage    Failure   Level
 Blink                    Tloc           28%        N/A       4%          2
 Lesser Beckoning         Tloc           28%        N/A       10%         3
 Teleport Other           Tloc           14%        N/A       10%         3
 Vhi's Electric Charge    Tloc/Air       16%        N/A       26%         3
 Manifold Assault         Tloc           14%        N/A       32%         4


Dungeon Overview and Level Annotations

Branches:
Dungeon (1/15)

Altars:


Innate Abilities, Weirdness & Mutations

You are very small and have problems with some larger weapons.
You are too small for most types of armour.
You have supernaturally acute eyesight. (SInv)
You cover ground extremely quickly. (Speed+++)


Message History

The kobold shouts!
A bat comes into view.
There is an open door here.
There is an open door here.
The kobold misses you.
You hit the kobold.
The kobold is heavily wounded.
The kobold hits you with a +0 dagger.
You hit the kobold but do no damage.
The kobold is heavily wounded.
The kobold hits you with a +0 dagger.
You closely miss the kobold.
The kobold is heavily wounded.
The kobold hits you but does no damage.
You hit the kobold but do no damage.
The kobold is heavily wounded.
The kobold barely misses you.
You hit the kobold.
You kill the kobold!
Things that are here:
a +0 dagger; a stone
Things that are here:
a +0 dagger; a stone
e - a +0 dagger (weapon)
An endoplasm comes into view.
A hobgoblin comes into view.
The endoplasm quivers.
The endoplasm jiggles.
You hit the endoplasm but do no damage. The endoplasm freezes you.
You are frozen.
You hit the endoplasm but do no damage. The endoplasm freezes you.
You are frozen.
* * * LOW HITPOINT WARNING * * *
You hit the endoplasm.
The endoplasm is severely wounded.
The endoplasm freezes you.
You are frozen.
You die...

#####............'...........#
.................##########.##
.................# #..(..#.#
.................# #.###.#.#
.................# #.#)....#
.......g..g......####.#.#.###
#####...J..J.......##.#...#
#########.####.##.#####
#.gJ@...#.# #.####..#.#
#..#.....#.# #..##.....#.# #.#
#.#####.# .. #.......# .##
#.####### #. #.# . #.#


You could see an endoplasm and a hobgoblin.

Vanquished Creatures
  A kobold (D:1)
  A goblin (D:1)
2 creatures vanquished.

Notes
Turn   | Place    | Note
-------+----------+-------------------------------------------
     0 | D:1      | McMuffin the Spriggan Warper began the quest for the Orb.
     0 | D:1      | Reached XP level 1. HP: 10/10 MP: 5/5
   285 | D:1      | Frozen to death by an endoplasm

Illustrated notes

Levels and vault maps discovered:
D:1:      spicycebolla_green_bress_n_ham_2, layout_basic

Action                   || total
-------------------------++-------
Melee: Short sword       ||     6
       Dagger            ||     3
 Stab: Sleeping          ||     1
Armor: Robe              ||     1
Dodge: Dodged            ||     2

Table legend: (Time is in decaauts)
 A = Elapsed time spent in this place.
 B = Non-inter-level travel time spent in this place.
 C = Inter-level travel time spent in this place.
 D = Time resting spent in this place.
 E = Time spent auto-exploring this place.
 F = Levels seen in this place.
 G = Mean time per level.
                   A        B        C        D        E       F      G
               +--------+--------+--------+--------+--------+-----+--------+
         Total |    175 |    175 |      0 |      0 |      0 |   1 |  175.0 |
       Dungeon |    175 |    175 |      0 |      0 |      0 |   1 |  175.0 |
               +--------+--------+--------+--------+--------+-----+--------+

Top non-repeatable levels by time:
     D:1: 175 daAuts
